 Seeded DCSS version 0.30-a0-881-g1ff12e1e11 (webtiles) character file.

Game seed: 11890654334920807458 (custom seed)

14065 bmack86 the Cleaver (level 11, -2/97 HPs)
             Began as a Minotaur Fighter on Mar 15, 2023.
             Was a High Priest of Okawaru.
             Killed from afar by a manticore (16 damage)
             ... with a volley of spikes
             ... on level 11 of the Dungeon.
             The game lasted 00:20:41 (7522 turns).

bmack86 the Cleaver (Minotaur Fighter)              Turns: 7522, Time: 00:20:43

Health: -2/97      AC: 15    Str: 32    XL:     11   Next: 83%
Magic:  13/15      EV: 12    Int: 16    God:    Okawaru [*****.]
Gold:   263        SH: 14    Dex: 11    Spells: 10/10 levels left

rFire   . . .      SeeInvis +    i - +12 hand axe "Cuajoawkoi" {spect, Str+6 Int+5 Dex-4}
rCold   + . .      Faith    .    v - +2 kite shield {AC+3}
rNeg    . . .      Spirit   .    x - +1 ring mail of Pihatoept {*Slow rC+ Slay+6 SInv}
rPois   .          Reflect  .    (helmet restricted)
rElec   .          Rampage  .    k - +2 cloak {rCorr}
rCorr   +                        (no gloves)
Will    +....                    (no boots)
Stlth   +++                      y - amulet of regeneration
HPRegen 1.16/turn                g - ring of Imiryr {Will+ Int+6}
MPRegen 0.14/turn                K - ring "Qaplace" {Dex+6 Stlth+}

@: heroic, spiked
A: horns 2, retaliatory headbutt
a: Renounce Religion, Heroism, Finesse, Duel


You were on level 11 of the Dungeon.
You worshipped Okawaru.
Okawaru was extremely pleased with you.
You visited 2 branches of the dungeon, and saw 12 of its levels.

You collected 564 gold pieces.
You spent 301 gold pieces at shops.

Inventory:

Hand Weapons
 a - a +0 heavy war axe
 i - the +12 hand axe "Cuajoawkoi" (weapon) {spect, Str+6 Int+5 Dex-4}
   (You found it on level 8 of the Dungeon)

   Str:       It affects your strength (+6).
   Int:       It affects your intelligence (+5).
   Dex:       It affects your dexterity (-4).
Missiles
 e - 15 poisoned darts
 p - 29 boomerangs (quivered)
 C - a silver javelin
Armour
 k - a +2 cloak of preservation (worn)
 r - a +0 plate armour
 v - a +2 kite shield of protection (worn)
 x - the +1 ring mail of Pihatoept (worn) {*Slow rC+ Slay+6 SInv}
   (You took it off a gnoll on level 6 of the Dungeon)

   Slay:      It affects your accuracy & damage with ranged weapons and melee
   (+6).
   rC:        It protects you from cold.
   SInv:      It lets you see invisible.
   *Slow:     It may slow you when you take damage.
Jewellery
 g - the ring of Imiryr (left hand) {Will+ Int+6}
   (You acquired it on level 1 of the Dungeon)

   [ring of intelligence]

   Int:       It affects your intelligence (+6).
   Will:      It increases your willpower.
 w - a ring of ice
 y - an amulet of regeneration (around neck)
 z - an amulet of the acrobat
 G - a ring of protection from cold
 I - an amulet of guardian spirit
 J - a ring of fire
 K - the ring "Qaplace" (right hand) {Dex+6 Stlth+}
   (You found it on level 10 of the Dungeon)

   [ring of dexterity]

   Dex:       It affects your dexterity (+6).
   Stlth:     It makes you more stealthy.
Wands
 l - a wand of iceblast (18)
Scrolls
 c - a scroll of blinking
 h - 2 scrolls of teleportation
 n - a scroll of butterflies {unknown}
 q - 2 scrolls of enchant armour {unknown}
 u - a scroll of fog {unknown}
 B - a scroll of amnesia
 F - a scroll of enchant weapon {unknown}
 H - 2 scrolls of magic mapping
Potions
 b - a potion of haste
 d - 2 potions of might
 f - 3 potions of cancellation
 j - 6 potions of curing
 m - 2 potions of flight
 o - 3 potions of brilliance
 s - a potion of magic
 t - 4 potions of mutation
 A - a potion of heal wounds {unknown}
 D - a potion of invisibility {unknown}
 E - 2 potions of lignification
 L - a potion of resistance {unknown}


   Skills:
 + Level 9.6(14.6) Fighting
 * Level 12.7(17.7) Axes
 + Level 7.2(12.2) Throwing
 + Level 9.6(14.6) Armour
 + Level 9.5(14.5) Shields
 + Level 6.8 Invocations


You had 10 spell levels left.
You didn't know any spells.
Your spell library contained the following spells:

 Spells                   Type           Power      Damage    Failure   Level
 Beastly Appendage        Tmut           0%         N/A       50%         1
 Magic Dart               Conj           0%         1d3       50%         1
 Necrotise                Necr           0%         1d4       50%         1
 Cigotuvi's Dreadful Rot  Necr/Pois/Air  0%         N/A       65%         2
 Poisonous Vapours        Pois/Air       0%         N/A       65%         2
 Wereblood                Tmut           0%         N/A       65%         2
 Mephitic Cloud           Conj/Pois/Air  0%         N/A       86%         3
 Spider Form              Tmut/Pois      0%         N/A       86%         3
 Vampiric Draining        Necr           0%         2d6       86%         3
 Agony                    Necr           0%         N/A       100%        5
 Call Imp                 Summ           Unusable   N/A       N/A         2

Dungeon Overview and Level Annotations

Branches:
Dungeon (11/15)            Temple (1/1) D:6            Lair (0/5) D:9
    Orc: D:9-12

Altars:
Ashenzari
Cheibriados
Dithmenos
Elyvilon
Gozag
Kikubaaqudgha
Makhleb
Okawaru
Qazlal
Ru
Sif Muna
Xom
Yredelemnul
Zin
The Shining One

Shops:
D:6 ([(   D:7 !

Annotations:
D:3 3 runed translucent doors, porpoise's ghost, amateur DjFE
D:4 3 runed translucent doors, porpoise's ghost, amateur DjFE


Innate Abilities, Weirdness & Mutations

You have a pair of horns on your head.
You reflexively headbutt those who attack you in melee.


Message History

You destroy the vampire mosquito!
Okawaru accepts your kill.
The tengu conjurer casts a spell at you.
The bolt of lightning hits you!!
The tengu conjurer gestures at you while chanting.
The bolt of lightning hits you!!
You hit the tengu conjurer. You headbutt the tengu conjurer.
The tengu conjurer is heavily wounded.
Your +12 hand axe "Cuajoawkoi" {spect, Str+6 Int+5 Dex-4} hits the tengu conjurer! x2
The manticore flicks its tail.
The volley of spikes hits you!
The barbed spikes become lodged in your body.
* * * LOW HITPOINT WARNING * * *
The barbs in your skin will harm you if you move.
Continue?
Okay, then.
The tengu conjurer blocks your attack.
The tengu conjurer is almost dead.
Your +12 hand axe "Cuajoawkoi" {spect, Str+6 Int+5 Dex-4} hits the tengu conjurer!
You kill the tengu conjurer!
Okawaru accepts your kill.
Your +12 hand axe "Cuajoawkoi" {spect, Str+6 Int+5 Dex-4} hits the tengu conjurer!
The tengu conjurer hits your +12 hand axe "Cuajoawkoi" {spect, Str+6 Int+5 Dex-4}.
Your spectral weapon shares its damage with you!
* * * LOW HITPOINT WARNING * * *
The tengu conjurer misses your +12 hand axe "Cuajoawkoi" {spect, Str+6 Int+5 Dex-4}.
The tengu conjurer claws your +12 hand axe "Cuajoawkoi" {spect, Str+6 Int+5 Dex-4} but does no damage.
The manticore flicks its tail.
You block the volley of spikes.
Throw: 29 boomerangs
Press: ? - help, Q - select action, (/) - cycle Shift-Dir - straight line, f - tengu conjurer
Aim: a tengu conjurer, wearing a +0 buckler (almost dead, not watching you, 58% to hit)
You throw a boomerang.
The boomerang closely misses the tengu conjurer.
The tengu conjurer gestures at you while chanting.
The bolt of lightning hits you!
* * * LOW HITPOINT WARNING * * *
The manticore flicks its tail.
The volley of spikes hits you!
The barbed spikes become lodged in your body.
You die...

................
.................
.....................
.....................
..............:......
.....................
.....................
#..........)@[......
#.......<.††§.......
#.....<.....Q.......
#..>................
#..>...........H....
#...................
#...................
#...................
#..................


You could see a manticore and a tengu conjurer.

Vanquished Creatures
  Erica (D:9)
  2 two-headed ogres
  The ghost of Selderis the Fighter, a novice GrBe of Trog (D:9)
  A deep elf pyromancer (D:10)
  Joseph (D:9)
  Maurice (D:8)
  A gargoyle (D:10)
  Psyche (D:8)
  A kobold demonologist (D:9)
  A tengu conjurer (D:11)
  A hornet (D:7)
  A troll (D:10)
  5 polar bears (D:8)
  A shadow (D:10)
  11 yaks (D:8)
  3 wyverns
  A wraith (D:10)
  3 vampire mosquitoes (D:11)
  An acid dragon (D:10)
  5 water moccasins
  6 ice beasts
  An orc warrior (D:8)
  A hornet zombie (D:7)
  2 black bears
  An ogre (D:5)
  3 centaurs
  3 wolves (D:8)
  Blork the orc (D:6)
  A kobold brigand (D:9)
  3 bullfrogs
  2 gnoll sergeants (D:6)
  6 scorpions (D:6)
  2 necrophages (D:7)
  A hornet simulacrum (D:8)
  8 wights
  6 killer bees (D:9)
  An electric eel (D:8)
  A howler monkey (D:10)
  A crimson imp (D:5)
  3 bullfrog zombies (D:7)
  2 wyvern simulacra (D:8)
  A human zombie (D:7)
  2 jellies
  3 gnoll boudas
  6 orc priests
  2 hounds
  5 iguanas
  11 orc wizards
  2 sleepcaps
  A killer bee zombie (D:7)
  2 centaur simulacra
  3 mummies (D:7)
  2 killer bee simulacra
  A howler monkey zombie (D:7)
  14 gnolls
  15 adders
  7 white imps
  5 ufetubi
  5 dart slugs
  30 orcs
  11 bats
  4 endoplasms
  6 goblins
  4 hobgoblins
  5 jackals
  9 kobolds
  5 quokkas
  2 ball pythons
  A frilled lizard (D:1)
  2 goblin zombies (D:5)
  2 hobgoblin zombies (D:5)
  4 kobold skeletons (D:5)
  3 kobold zombies (D:5)
  5 rats
278 creatures vanquished.

Vanquished Creatures (others)
  A sky beast (D:6)
  An orc (D:9)
  A jackal (D:6)
  8 fungi (D:6)
11 creatures vanquished.

Grand Total: 289 creatures vanquished

Notes
Turn   | Place    | Note
-------+----------+-------------------------------------------
     0 | D:1      | bmack86 the Minotaur Fighter began the quest for the Orb.
     0 | D:1      | Reached XP level 1. HP: 19/19 MP: 0/0
   209 | D:1      | Reached XP level 2. HP: 27/27 MP: 1/1
   270 | D:1      | Identified a scroll of acquirement
   270 | D:1      | Acquired the ring of Imiryr {Will+ Int+6}
   305 | D:1      | Reached skill level 3 in Axes
   695 | D:2      | Found a faded altar of an unknown god.
   697 | D:2      | Reached XP level 3. HP: 33/33 MP: 2/2
  1000 | D:2      | Reached skill level 1 in Throwing
  1194 | D:3      | Found a runed translucent gate.
  1194 | D:3      | Found a runed translucent gate.
  1194 | D:3      | Found a runed translucent gate.
  1197 | D:3      | Noticed porpoise's ghost (amateur DjFE)
  1203 | D:3      | Identified the +2 short sword "Undertaker" {pain, Fly
                  | Int+4}
  1203 | D:3      | Identified the +1 scale mail of Nipirgh {rC- rN++ Dex+5}
  1309 | D:3      | Reached XP level 4. HP: 33/40 MP: 3/3
  1534 | D:3      | Reached skill level 4 in Axes
  1878 | D:4      | Reached XP level 5. HP: 46/46 MP: 4/4
  2112 | D:4      | Found a broken altar of Ashenzari.
  2228 | D:4      | Found an ancient bone altar of Kikubaaqudgha.
  2308 | D:4      | Found a runed translucent gate.
  2309 | D:4      | Found a runed translucent gate.
  2309 | D:4      | Noticed porpoise's ghost (amateur DjFE)
  2310 | D:4      | Found a runed translucent gate.
  2562 | D:4      | Found a shimmering blue altar of Sif Muna.
  2662 | D:5      | Entered Level 5 of the Dungeon
  2707 | D:5      | Noticed a water moccasin
  2714 | D:5      | Killed a water moccasin
  2715 | D:5      | Reached skill level 5 in Axes
  2715 | D:5      | Reached XP level 6. HP: 34/53 MP: 5/5
  2846 | D:5      | Found a glowing golden altar of the Shining One.
  2906 | D:5      | Reached skill level 5 in Shields
  3009 | D:5      | Found an iron altar of Okawaru.
  3017 | D:5      | Noticed a water moccasin
  3020 | D:5      | Became a worshipper of Warmaster Okawaru
  3022 | D:5      | Killed a water moccasin
  3023 | D:5      | Reached skill level 5 in Fighting
  3023 | D:5      | Reached skill level 5 in Armour
  3023 | D:5      | Reached XP level 7. HP: 61/61 MP: 6/6
  3573 | D:5      | Reached skill level 6 in Axes
  3573 | D:5      | Reached skill level 1 in Invocations
  3647 | D:6      | Found Pestrotid's Armour Emporium.
  3657 | D:6      | Bought a +2 kite shield of protection for 301 gold pieces
  3672 | D:6      | Found a staircase to the Ecumenical Temple.
  3683 | Temple   | Entered the Ecumenical Temple
  3687 | D:6      | Reached * piety under Okawaru
  3768 | D:6      | Reached XP level 8. HP: 54/67 MP: 8/8
  3788 | D:6      | Reached skill level 7 in Axes
  3853 | D:6      | Identified the +1 robe of Lohyteeq {rElec Int+2 Slay+2}
  3908 | D:6      | Reached ** piety under Okawaru
  3996 | D:6      | Found the +11 Singing Sword {sonic wave}
  4047 | D:6      | Reached skill level 8 in Axes
  4138 | D:6      | Identified the +1 ring mail of Pihatoept {*Slow rC+ Slay+6
                  | SInv}
  4150 | D:6      | Reached XP level 9. HP: 14/78 MP: 7/10
  4284 | D:6      | Found Geryss's Weapon Emporium.
  4327 | D:6      | Found Oliofa's Weapon Shoppe.
  4368 | D:6      | Noticed Blork the orc
  4374 | D:6      | Killed Blork the orc
  4723 | D:7      | Found Eddaim's Distillery.
  5070 | D:7      | Reached *** piety under Okawaru
  5071 | D:7      | Reached skill level 9 in Axes
  5272 | D:7      | Reached skill level 5 in Throwing
  5289 | D:7      | Found a basalt altar of Yredelemnul.
  5382 | D:8      | Identified the +12 hand axe "Cuajoawkoi" {spect, Str+6
                  | Int+5 Dex-4}
  5420 | D:8      | Noticed a polar bear
  5427 | D:8      | Killed a polar bear
  5427 | D:8      | Reached **** piety under Okawaru
  5429 | D:8      | Noticed Maurice
  5435 | D:8      | Killed Maurice
  5436 | D:8      | Reached XP level 10. HP: 88/88 MP: 12/12
  5525 | D:8      | Reached skill level 10 in Axes
  5538 | D:8      | Reached skill level 5 in Invocations
  5849 | D:8      | Noticed Psyche
  5856 | D:8      | Killed Psyche
  5856 | D:8      | Reached ***** piety under Okawaru
  5962 | D:8      | Reached skill level 11 in Axes
  5973 | D:8      | Received a gift from Okawaru
  6336 | D:9      | Noticed a smoke demon
  6345 | D:9      | Reached XP level 11. HP: 80/95 MP: 14/14
  6379 | D:9      | Noticed Erica
  6435 | D:9      | Found a staircase to the Lair.
  6485 | D:9      | Noticed a two-headed ogre
  6492 | D:9      | Killed a two-headed ogre
  6493 | D:9      | Killed Erica
  6545 | D:9      | Noticed Selderis's ghost (novice GrBe)
  6585 | D:9      | Found a runed translucent gate.
  6585 | D:9      | Found a runed translucent gate.
  6585 | D:9      | Found a runed translucent gate.
  6603 | D:9      | Identified the +4 dire flail of the Singing Owl {freeze,
                  | *Noise rElec Int+7} (Okawaru gifted it to you on level 9 of
                  | the Dungeon)
  6603 | D:9      | Received a gift from Okawaru
  6604 | D:9      | Killed Selderis's ghost
  6667 | D:9      | Reached skill level 12 in Axes
  6824 | D:9      | Noticed Joseph
  6841 | D:9      | Killed Joseph
  6894 | D:10     | Entered Level 10 of the Dungeon
  6940 | D:10     | Identified the ring "Qaplace" {Dex+6 Stlth+}
  7073 | D:10     | Noticed a deep elf pyromancer
  7076 | D:10     | Killed a deep elf pyromancer
  7508 | D:11     | Noticed a two-headed ogre
  7516 | D:11     | Killed a two-headed ogre
  7522 | D:11     | Killed from afar by a manticore

Illustrated notes

Levels and vault maps discovered:
D:1:      dpeg_arrival_pits, layout_basic, nrook_campfire
D:2:      layout_loops_ring, dreamdust_ecumenical_altar_grove
D:3:      layout_loops_ring, biasface_ghost_orc_armoury, nicolae_half_adder
D:4:      layout_basic, kennysheep_mini_moat, kennysheep_little_box,
          overflow_temple_1_default, gammafunk_ghost_nasty_kobolds
D:5:      layout_loops_ring, mainiacjoe_overflow_small_starburst,
          nicolae_tso_besieged_by_evil, chequers_serial_rivers_large_b
D:6:      old_forge, layout_cave_pools, minmay_temple_entry_waves, serial_shops,
          nicolae_shop_waterfront, nicolae_shop_bloodbath_and_beyond,
          nicolae_inconvenience_store, serial_gnoll_camp, gnoll_camp_mini_house,
          gnoll_camp_mini_hut, gnoll_camp_medium_01, gnoll_camp_mini_hut,
          uniq_blork_the_orc
D:7:      layout_cave_pools, lemuel_mausoleum_altar_yredelemnul, serial_shops,
          shop_statue
D:8:      layout_basic, serial_ice, serial_ice_m, serial_ice_l, serial_ice_o,
          serial_ice_h, serial_ice_g, serial_ice_f, serial_ice_b, serial_ice_c,
          serial_ice_a, serial_ice_n, uniq_maurice, uniq_psyche
D:9:      layout_rooms, lair_entry_dummy, gammafunk_ghost_icy, uniq_erica,
          uniq_joseph
D:10:     layout_loops_ring, st_stairs_1
D:11:     layout_small_grid
Temple:   compressed_dpeg_triangle_lava_temple

Skill      XL: |  1  2  3  4  5  6  7  8  9 10 11 |
---------------+----------------------------------+-----
Axes           | 3 4 5 6 8 9 11 12 | 12.7
Shields        | 4 5 6 7 8 9 |  9.5
Fighting       | 4 5 6 7 8 9 |  9.6
Throwing       | 1 2 3 4 5 6 7 |  7.2
Armour         | 4 5 6 7 8 9 |  9.6
Invocations    | 1 3 4 5 6 |  6.8

Action                     |  1- 3 |  4- 6 |  7- 9 | 10-12 || total
---------------------------+-------+-------+-------+-------++-------
  Melee: War axe           |    60 |    67 |   164 |       ||   291
         Headbutt          |     6 |     9 |    20 |    24 ||    59
         Hand axe          |       |       |    14 |   147 ||   161
  Throw: Boomerang         |     5 |     1 |     9 |    12 ||    27
 Invoke: Heroism           |       |       |     1 |     2 ||     3
         Finesse           |       |       |       |     1 ||     1
    Use: Scroll            |     7 |       |    10 |     4 ||    21
   Stab: Distracted        |       |       |       |     2 ||     2
 Armour: Scale mail        |    34 |    35 |    77 |       ||   146
         Ring mail         |       |       |    30 |    64 ||    94
  Dodge: Dodged            |    29 |    48 |   100 |    37 ||   214
  Block: Buckler           |    21 |    19 |     6 |       ||    46
         Kite shield       |       |       |   135 |    86 ||   221

Table legend: (Time is in decaauts)
 A = Elapsed time spent in this place.
 B = Non-inter-level travel time spent in this place.
 C = Inter-level travel time spent in this place.
 D = Time resting spent in this place.
 E = Time spent auto-exploring this place.
 F = Levels seen in this place.
 G = Mean time per level.
                   A        B        C        D        E       F      G
               +--------+--------+--------+--------+--------+-----+--------+
         Total |   7770 |   7525 |    245 |    198 |   4998 |  12 |  647.5 |
       Dungeon |   7769 |   7524 |    245 |    198 |   4998 |  11 |  706.3 |
        Temple |      1 |      1 |      0 |      0 |      0 |   1 |    1.0 |
               +--------+--------+--------+--------+--------+-----+--------+

Top non-repeatable levels by time:
     D:6: 1225 daAuts
     D:5: 984 daAuts
     D:8: 933 daAuts
     D:4: 813 daAuts
     D:3: 749 daAuts
     D:7: 700 daAuts
     D:1: 650 daAuts
    D:10: 611 daAuts
     D:9: 575 daAuts
     D:2: 509 daAuts
    D:11: 15 daAuts
  Temple: 1 daAuts
